 Dungeon Crawl Stone Soup version 0.19-a0-1019-g9c6a58d (webtiles) character file.

69052 sxhjm the Warrior (level 14, -17/135 HPs)
             Began as a Minotaur Monk on July 26, 2016.
             Was the Champion of Hepliaklqana.
             Demolished by a vampire knight
             ... wielding a +0 glaive
              (18 damage)
             ... while paralysed by something
             ... on level 13 of the Dungeon.
             The game lasted 01:37:00 (26960 turns).

sxhjm the Warrior (Minotaur Monk)                  Turns: 26960, Time: 01:37:01

Health: -17/135    AC: 19    Str: 26    XL:     14   Next: 88%
Magic:  14/14      EV:  2    Int:  7    God:    Hepliaklqana [******]
Gold:   1010       SH:  0    Dex: 14    Spells: 0 memorised, 13 levels left

rFire  + . .     SeeInvis .     v - +7 demon blade of Juvemugh {venom, rPois}
rCold  + . .     Gourm    .     a - +1 plate armour {rF+}
rNeg   . . .     Faith    .     (no shield)
rPois  +         Spirit   .     q - +1 hat
rElec  +         Dismiss  .     (no cloak)
rCorr  .         Reflect  +     (no gloves)
SustAt .         Harm     .     Q - +2 pair of boots {Fly}
MR     +....                    J - +3 amulet of reflection
Stlth  ..........               p - +6 ring of strength
                                K - ring "Teedeu" {rElec rPois rC+ AC-2} (curse)

@: paralysed, flying, somewhat resistant to hostile enchantments, extremely
unstealthy
A: retaliatory headbutt, horns 2, icy blue scales 1
a: Recall Ancestor, Ancestor Identity, Transference, Idealise, Renounce
Religion, Stop Flying


You were on level 13 of the Dungeon.
You worshipped Hepliaklqana.
Hepliaklqana was exalted by your worship.
You were hungry.

You visited 4 branches of the dungeon, and saw 22 of its levels.
You also visited: Bailey and Volcano.

You collected 1697 gold pieces.
You spent 687 gold pieces at shops.

Inventory:

Hand Weapons
 v - the +7 demon blade of Juvemugh (weapon) {venom, rPois}
   (You took it off a meliai on level 13 of the Dungeon)

   It poisons the flesh of those it strikes.
   It protects you from poison.
 M - the +11 great sword of the Asp {flame, Dex+4}
   (You found it on level 3 of the Lair of Beasts)

   It has been specially enchanted to burn those struck by it, causing extra
   injury to most foes and up to half again as much damage against particularly
   susceptible opponents.
   Big, fiery blades are also staple armaments of hydra-hunters.
   It affects your dexterity (+4).
Missiles
 t - 4 throwing nets (quivered)
Armour
 a - a +1 plate armour of fire resistance (worn)
 q - a +1 hat (worn)
 Q - a +2 pair of boots of flying (worn)
Jewellery
 o - a +4 ring of protection
 p - a +6 ring of strength (right hand)
 J - a +3 amulet of reflection (around neck)
 K - the cursed ring "Teedeu" (left hand) {rElec rPois rC+ AC-2}
   (You bought it in a shop on level 2 of the Orcish Mines)

   [ring of protection]

   It affects your AC (-2).
   It protects you from cold.
   It insulates you from electricity.
   It protects you from poison.
   It has a curse placed upon it.
 R - an uncursed ring of positive energy
Wands
 u - a wand of teleportation (2/9)
 y - a wand of flame (12/48)
 A - a wand of slowing (26/48)
 D - a wand of flame (25/48)
 I - a wand of slowing (15/48)
 N - a wand of paralysis (13/24)
 O - a wand of lightning (10/15)
 S - a wand of polymorph (8/24)
 Z - a wand of polymorph (15/24)
Scrolls
 d - a scroll of magic mapping
 e - 2 scrolls of enchant weapon
 f - 2 scrolls of recharging
 j - 11 scrolls of identify
 r - 4 scrolls of teleportation
 s - 7 scrolls of remove curse
 F - 2 scrolls of summoning
 H - a scroll of fog
 P - a scroll of enchant armour
 X - a scroll of amnesia
Potions
 c - 2 potions of lignification
 g - 6 potions of curing
 l - a potion of agility
 m - 7 potions of resistance
 n - a potion of magic
 w - a potion of ambrosia
 B - a potion of berserk rage {unknown}
 L - a potion of invisibility {unknown}
 V - 3 potions of heal wounds
Books
 U - a book of Beasts

   Spells                             Type                      Level
   a - Summon Butterflies             Summoning                    1
   b - Call Canine Familiar           Summoning                    3
   c - Summon Ice Beast               Ice/Summoning                4
   d - Summon Mana Viper              Hexes/Summoning              5
   e - Summon Hydra                   Summoning                    7
Miscellaneous
 h - a lamp of fire
 z - a disc of storms
 T - a fan of gales
Comestibles
 b - 10 bread rations
 i - 13 meat rations
 k - 6 beef jerkies
 x - 3 royal jellies
 C - 10 fruits
 G - 10 slices of pizza


   Skills:
 + Level 15.4 Fighting
 * Level 14.9 Long Blades
 + Level 11.7 Armour
 - Level 10.9 Dodging
 - Level 1.5 Stealth
 - Level 14.6 Unarmed Combat
 - Level 2.4 Invocations


You had 13 spell levels left.
You didn't know any spells.

Dungeon Overview and Level Annotations

Branches:
Dungeon (13/15)            Temple (1/1) D:4            Lair (6/6) D:10
 Shoals (0/4) Lair:4        Snake (0/4) Lair:2        Slime (0/5) Lair:6
    Orc (2/2) D:10            Elf (0/3) Orc:2
 Vaults: D:13-14

Altars:
Ashenzari
Cheibriados
Dithmenos
Elyvilon
Fedhas
Gozag
Hepliaklqana
Kikubaaqudgha
Makhleb
Nemelex Xobeh
Okawaru
Pakellas
Qazlal
Ru
Sif Muna
Trog
Uskayaw
Vehumet
Xom
Yredelemnul
Zin
The Shining One
Beogh

Shops:
D:10 *   Orc:2 *=([

Portals:
Trove: D:12 (give +6 demon blade)

Annotations:
Lair:3 exclusion: oklob plant
Lair:6 Kirke


Innate Abilities, Weirdness & Mutations

You reflexively headbutt those who attack you in melee.
You have a pair of horns on your head.
You are partially covered in icy blue scales. (AC +1)


Message History

You hit something. You punch something!! You hit something.
You headbutt something. You punch something.
You hear some strange, mumbled words.
You suddenly lose the ability to move!
Pepe closely misses something.
You hear some strange, mumbled words.
Pepe barely misses something.
Something hits you but does no damage. Something bites you!
* * * LOW HITPOINT WARNING * * *
Something draws strength from your injuries!
Something hits you!
* * * LOW HITPOINT WARNING * * *
Something bites you!
* * * LOW HITPOINT WARNING * * *
Something draws strength from your injuries!
Pepe hits something but does no damage.
Something hits you!
* * * LOW HITPOINT WARNING * * *
Something bites you but does no damage.
Pepe hits something with a flail!
Something hits you!!
You die...

.... ....
..........##.#
..########
#####....#..#
..........#..##
.........R#...#
##########....#
#.......# #.#######
###...###
........##########...#
#..........@{R.....##
######)#############
#.# ########## #.#
#..<...... #.#
#.#######. #.# #.# #.
#.###### #.# #.
#......# #.# #.
######.# #.#######.


You could see the friendly Pepe the knight.

Vanquished Creatures
  An orc warlord (Orc:1)
  Josephine (D:10)
  A yaktaur captain (D:13)
  The ghost of ontamu the Destroyer, a journeyman GrWz of Vehumet (Lair:3)
  A catoblepas (Lair:6)
  3 hydras
  2 centaur warriors (D:13)
  8 death yaks
  Urug (D:13)
  An orc high priest (Orc:2)
  An unseen horror (D:10)
  2 lindwurms
  4 hill giants
  2 orc knights (Orc:2)
  3 griffons
  2 ugly things
  2 orc sorcerers (Orc:2)
  The ghost of Musica the Reanimator, a novice DsNe of Hepliaklqana (Bailey)
  3 manticores
  3 elephants (Lair:6)
  2 sirens (Lair:4)
  3 black mambas
  10 spiny frogs
  A torpor snail (Lair:5)
  3 rime drakes (Lair:6)
  4 komodo dragons
  2 merfolk (Lair:4)
  6 trolls
  3 meliai (D:13)
  8 blink frogs
  A slime creature (Lair:6)
  A meliai zombie (D:10)
  4 wraiths
  32 yaks
  11 fire bats (Volcano)
  A wyvern (Lair:6)
  4 hogs
  A human (D:12)
  6 basilisks
  2 steam dragons
  5 hippogriffs
  5 vampire mosquitoes (D:13)
  4 mottled dragons
  3 hungry ghosts
  A warg (Orc:2)
  3 nagas (Lair:2)
  6 water moccasins
  3 porcupines (Lair:2)
  The ghost of sxhjm the Cutter, an amateur SpGl (D:4)
  2 ice beasts
  33 orc warriors
  2 sky beasts
  7 necrophages
  8 wolves
  10 centaurs
  10 ogres
  6 phantoms
  12 crocodiles
  A gnoll sergeant (D:11)
  2 wyvern zombies
  13 giant frogs
  A wyvern skeleton (D:9)
  2 scorpions
  A troll zombie (D:10)
  2 jellies
  9 wights
  11 killer bees
  3 electric eels (Lair:1)
  3 howler monkeys
  3 centaur zombies
  7 crimson imps
  A quasit (D:8)
  3 giant frog zombies
  5 hounds
  20 orc priests
  2 giant frog skeletons
  A centaur skeleton (D:6)
  12 iguanas
  Terence (D:2)
  14 orc wizards
  9 worker ants
  10 sheep
  An ogre zombie (D:10)
  2 hound skeletons
  34 river rats
  9 adders
  8 gnolls
  2 shadow imps
  4 oozes
  An adder zombie (D:5)
  4 worms
  3 dart slugs
  7 giant geckos
  82 orcs
  7 bats
  3 giant cockroaches
  7 goblins
  7 hobgoblins
  6 jackals
  3 quokkas
  2 ball pythons
  6 giant newts
  3 goblin zombies (D:10)
  3 hobgoblin skeletons (D:10)
  3 hobgoblin zombies (D:10)
  7 kobolds
  An orc skeleton (D:10)
  5 orc zombies (D:10)
  6 rats
  2 plants (Lair:6)
633 creatures vanquished.

Vanquished Creatures (collateral kills)
  A fire dragon (Lair:6)
  A death yak (Lair:6)
  A hill giant (D:13)
  A cyclops (D:13)
  A black mamba (Lair:6)
  A gargoyle (D:11)
  A spiny frog (Lair:6)
  2 rime drakes
  A komodo dragon (Lair:6)
  A troll (Orc:2)
  A blink frog (Lair:2)
  A hill giant zombie (D:10)
  8 yaks
  2 wraiths
  A hippogriff (Lair:1)
  2 hogs
  A basilisk (Lair:4)
  A fire elemental (Lair:5)
  A water moccasin (D:9)
  5 orc warriors
  2 sky beasts
  2 necrophages
  2 ice beasts
  A phantom (D:11)
  3 ogres
  3 centaurs
  3 crocodiles
  2 killer bees
  2 electric eels
  2 wights
  A hound (D:5)
  3 orc priests
  2 jellies (Lair:6)
  An iguana (Lair:1)
  4 orc wizards
  5 sheep (Lair:6)
  5 ogre zombies (D:10)
  3 adders
  5 river rats
  22 orcs
  A bat (D:8)
  A goblin zombie (D:10)
  An orc skeleton (D:10)
  8 orc zombies (D:10)
  A plant (Lair:1)
119 creatures vanquished.

Vanquished Creatures (others)
  An unseen horror (D:10)
  A human (D:8)
  6 knights
  An orc (Orc:2)
  12 fungi
  26 plants
47 creatures vanquished.

Grand Total: 799 creatures vanquished

Notes
Turn   | Place    | Note
-------+----------+-------------------------------------------
     0 | D:1      | sxhjm the Minotaur Monk began the quest for the Orb.
     0 | D:1      | Reached XP level 1. HP: 19/19 MP: 0/0
   372 | D:1      | Reached XP level 2. HP: 26/26 MP: 1/1
   576 | D:1      | Found a sparkling altar of Nemelex Xobeh.
   716 | D:2      | Noticed Terence
   727 | D:2      | Killed Terence
   727 | D:2      | Reached skill level 5 in Unarmed Combat
   727 | D:2      | Reached XP level 3. HP: 7/31 MP: 2/2
  1145 | D:2      | Reached XP level 4. HP: 38/39 MP: 3/3
  1675 | D:3      | Reached XP level 5. HP: 43/45 MP: 4/4
  2442 | D:4      | Noticed sxhjm's ghost (amateur SpGl)
  2453 | D:4      | Killed sxhjm's ghost
  2453 | D:4      | Reached XP level 6. HP: 43/51 MP: 5/5
  2761 | D:4      | Found a staircase to the Ecumenical Temple.
  2780 | D:4      | Found an ancient bone altar of Kikubaaqudgha.
  2789 | Temple   | Entered the Ecumenical Temple
  2798 | Temple   | Became a worshipper of Hepliaklqana
  2798 | Temple   | Reached * piety under Hepliaklqana
  2798 | Temple   | Reached ** piety under Hepliaklqana
  2810 | D:4      | Remembered your ancestor Pepe as a knight
  2814 | D:4      | Found a deep blue altar of Sif Muna.
  2816 | D:4      | Found a radiant altar of Vehumet.
  2821 | D:4      | Identified Vehumet's Almanac of Combat Magic
  3314 | D:5      | Entered Level 5 of the Dungeon
  3352 | D:5      | Found an iron altar of Okawaru.
  3362 | D:5      | Reached XP level 7. HP: 45/57 MP: 6/6
  3574 | D:5      | Found a burning altar of Makhleb.
  3606 | D:5      | Reached skill level 10 in Unarmed Combat
  3799 | D:5      | Found a blossoming altar of Fedhas.
  3800 | D:5      | Found a glowing golden altar of the Shining One.
  3871 | D:5      | Reached XP level 8. HP: 64/64 MP: 7/7
  4344 | D:6      | Got a polished spear
  4350 | D:6      | Identified the cursed +0 spear of the Swamp {pierce, Stlth+} (You found it on level 6 of the Dungeon)
  4579 | D:6      | Reached *** piety under Hepliaklqana
  4945 | D:6      | Reached XP level 9. HP: 46/69 MP: 8/8
  6148 | D:7      | Found a sparkling altar of Nemelex Xobeh.
  6819 | D:8      | Reached **** piety under Hepliaklqana
  6846 | D:8      | Found an ancient bone altar of Kikubaaqudgha.
  6859 | D:8      | Reached skill level 1 in Armour
  6881 | D:8      | Reached skill level 4 in Fighting
  7049 | D:8      | Reached skill level 5 in Fighting
  7108 | D:8      | Found a basalt altar of Yredelemnul.
  7158 | D:8      | Found a shimmering altar of Xom.
  7462 | D:9      | Reached skill level 6 in Fighting
  7462 | D:9      | Reached XP level 10. HP: 79/82 MP: 9/9
  7512 | D:9      | Reached skill level 5 in Armour
  7651 | D:9      | Found a flagged portal.
  7675 | Bailey   | Entered a bailey
  7675 | Bailey   | Noticed an orc knight
  7679 | Bailey   | Noticed an orc knight
  7679 | Bailey   | Noticed an orc knight
  7691 | Bailey   | Noticed Musica's ghost (novice DsNe)
  7703 | Bailey   | Killed Musica's ghost
  7703 | Bailey   | Reached skill level 7 in Fighting
  8148 | D:10     | Entered Level 10 of the Dungeon
  8176 | D:10     | Found a staircase to the Orcish Mines.
  8484 | D:10     | Reached skill level 8 in Fighting
  8498 | D:10     | Noticed a red ugly thing
  8505 | D:10     | Killed a red ugly thing
  8716 | D:10     | Noticed a hill giant
  8724 | D:10     | Killed a hill giant
  8724 | D:10     | Reached skill level 9 in Fighting
  8872 | D:10     | Killed an unseen horror
  9205 | D:10     | Noticed Josephine
  9262 | D:10     | Killed Josephine
  9262 | D:10     | Reached skill level 10 in Fighting
  9262 | D:10     | Reached XP level 11. HP: 92/98 MP: 10/10
  9863 | D:10     | Found Bodghyplo's General Store.
  9876 | D:10     | Bought a scroll of identify for 34 gold pieces
  9876 | D:10     | Bought a potion of might for 68 gold pieces
  9876 | D:10     | Bought a bread ration for 85 gold pieces
  9897 | D:10     | Gained mutation: You are partially covered in icy blue scales. (AC +1) [potion of beneficial mutation]
  9949 | D:10     | Reached skill level 10 in Armour
 10073 | D:10     | Found a staircase to the Lair.
 10087 | D:10     | Killed an unseen horror
 10092 | D:10     | Reached skill level 11 in Fighting
 10250 | Lair:1   | Entered Level 1 of the Lair of Beasts
 10329 | Lair:1   | Reached ***** piety under Hepliaklqana
 11348 | Lair:1   | Reached skill level 1 in Invocations
 11614 | Lair:1   | Noticed a five-headed hydra
 11622 | Lair:1   | Killed a five-headed hydra
 12046 | Lair:2   | Reached skill level 5 in Dodging
 12712 | Lair:2   | Found a staircase to the Snake Pit.
 12737 | Lair:2   | Reached skill level 12 in Fighting
 12737 | Lair:2   | Reached XP level 12. HP: 82/110 MP: 10/12
 13516 | Lair:3   | Got an ichor-stained great sword
 13529 | Lair:3   | Identified the +11 great sword of the Asp {flame, Dex+4} (You found it on level 3 of the Lair of Beasts)
 13575 | Lair:3   | Reached skill level 1 in Long Blades
 13881 | Lair:3   | Noticed ontamu's ghost (journeyman GrWz)
 14663 | Lair:3   | Killed ontamu's ghost
 14850 | Lair:3   | Reached skill level 5 in Long Blades
 15709 | Lair:4   | Found a staircase to the Shoals.
 16162 | Lair:4   | Reached ****** piety under Hepliaklqana
 16496 | Lair:5   | Noticed a death yak
 16509 | Lair:5   | Killed a death yak
 16511 | Lair:5   | Reached skill level 13 in Fighting
 16777 | Lair:5   | Noticed Kirke
 16792 | Lair:6   | Entered Level 6 of the Lair of Beasts
 16923 | Lair:6   | Found a dark tunnel.
 16932 | Volcano  | Entered a volcano
 17127 | Volcano  | Reached XP level 13. HP: 117/120 MP: 10/13
 17347 | Lair:6   | Found a staircase to the Slime Pits.
 17815 | Lair:6   | Reached skill level 10 in Long Blades
 18293 | Lair:6   | Noticed a fire dragon
 18299 | Lair:6   | Killed a fire dragon
 18475 | Lair:6   | Reached skill level 14 in Fighting
 19369 | Lair:6   | Reached skill level 10 in Dodging
 19931 | Lair:5   | Reached XP level 14. HP: 88/133 MP: 14/14
 20996 | Orc:1    | Entered Level 1 of the Orcish Mines
 21162 | Orc:2    | Entered Level 2 of the Orcish Mines
 21393 | Orc:2    | Found a roughly hewn altar of Beogh.
 21431 | Orc:2    | Found a staircase to the Elven Halls.
 21438 | Orc:2    | Found Bifeor's Assorted Antiques.
 21453 | Orc:2    | Bought a potion of might for 132 gold pieces
 21522 | Orc:2    | Found a roughly hewn altar of Beogh.
 21529 | Orc:2    | Found Oduiron's Jewellery Shoppe.
 22008 | Orc:2    | Noticed an orc warlord
 22914 | Orc:1    | Killed an orc warlord
 23733 | Orc:2    | Found Eddem's Antique Armour Emporium.
 23734 | Orc:2    | Found a roughly hewn altar of Beogh.
 23737 | Orc:2    | Found Ulodew Kiva's Antique Weapon Shoppe.
 23852 | Orc:2    | Found a roughly hewn altar of Beogh.
 23871 | Orc:2    | Found Zir Zybiz's Armour Shoppe.
 24043 | Orc:2    | Found a roughly hewn altar of Beogh.
 24086 | Orc:2    | Bought the cursed ring "Teedeu" {rElec rPois rC+ AC-2} for 368 gold pieces
 24182 | Orc:1    | Noticed an orc warlord
 25011 | D:12     | Reached skill level 15 in Fighting
 25391 | D:12     | Found a portal to a secret trove of treasure.
 26058 | D:13     | Identified a scroll of acquirement
 26621 | D:13     | Noticed Urug
 26641 | D:13     | Killed Urug
 26697 | D:13     | Got a polished demon blade {venom}
 26699 | D:13     | Identified the +7 demon blade of Juvemugh {venom, rPois} (You took it off a meliai on level 13 of the Dungeon)
 26935 | D:13     | Noticed a vampire knight
 26945 | D:13     | Paralysed by a vampire knight for 6 turns
 26956 | D:13     | Paralysed by something for 5 turns
 26960 | D:13     | HP: 1/135 [something (15)]
 26960 | D:13     | Demolished by a vampire knight

Vault maps used:
D:1:      nicolae_arrival_memento_mori, nemelex_diamond_rough_becter
D:2:      uniq_terence
D:3:      minmay_wonky_spiral
D:4:      grunt_temple_overflow_magic_moments, serial_co_window_serial,
          co_window_of_opportunity_a, co_window_paths_a,
          co_window_of_opportunity_a, co_window_cross_1, co_window_corner_a,
          co_window_corner_a, co_window_broadway_b, co_window_paths_c,
          co_window_2corner, co_window_broadway_c, co_window_of_opportunity_b,
          co_window_corner_b, co_window_4corner_b, co_window_sun,
          glass_columns_c, glass_columns_b, glass_columns_b
D:5:      lemuel_doored_altar, makhleb_heckhound_becter,
          gammafunk_temple_overflow_statue, first_bread, serial_bayou_ford_a
D:6:      grunt_ministairs_4, corner_web_ring, lightli_minifort
D:7:      nemelex_xobeh_ov_fountains_minmay
D:8:      kennysheep_mini_moat, tgw_xom, tgw_kikubaaqudgha
D:9:      enter_bailey_2
D:10:     erik_lair_dragon, zombieorc2_lemuel, serial_shops, shop,
          uniq_josephine
D:12:     special_room, enter_trove_2, grunt_livestock
D:13:     minmay_containers, serial_bayou_pond_d, kennysheep_generic_room_15,
          uniq_urug
Temple:   nicolae_temple_no_exploring_needed
Lair:1:   cheibrodos_lair_caveside_slide, disabler_island
Lair:2:   minmay_snake_entry_guardpost_small, roderic_carrion_pond,
          serial_bayou_shore_a
Lair:3:   minmay_lair_oklob_items, lemuel_fruit_fields
Lair:4:   elwin_shoals_entry_stream, infiniplex_staircase_pool_2,
          lemuel_fruit_tree
Lair:5:   wad_woods_river_01, uniq_nessos, uniq_kirke
Lair:6:   hangedman_lair_in_review, guppyfry_lair_end_dragon,
          minmay_slime_entry_pillars, nicolae_volcano_entry_s_turn
Orc:2:    grunt_orc_community_town_hall, grunt_orc_community_big_house_2,
          grunt_orc_community_big_house_1, grunt_orc_community_house_1,
          grunt_orc_community_house_3, grunt_orc_community_house_3,
          grunt_orc_community_house_2, serial_shops, shop
Bailey:   bailey_polearm_4, bailey
Volcano:  volcano_pools

Skill      XL: |  1  2  3  4  5  6  7  8  9 10 11 12 13 14 |
---------------+-------------------------------------------+-----
Unarmed Combat | 5 6 7 8 10 12 14 | 14.6
Armour         | 4 9 10 11 | 11.7
Fighting       | 6 10 12 13 14 15 | 15.4
Dodging        | 5 8 10 | 10.9
Invocations    | 2 |  2.4
Long Blades    | 8 12 14 | 14.9
Stealth        | |  1.5

Action                   |  1- 3 |  4- 6 |  7- 9 | 10-12 | 13-15 || total
-------------------------+-------+-------+-------+-------+-------++-------
Melee: Unarmed           |    69 |   149 |   228 |   549 |   870 ||  1865
       Headbutt          |     9 |    19 |    44 |   148 |   269 ||   489
       Punch             |       |     3 |    11 |    51 |    72 ||   137
       Great sword       |       |       |       |     3 |       ||     3
       Demon blade       |       |       |       |       |    19 ||    19
Throw: Throwing net      |       |       |       |       |     1 ||     1
Invok: Ancestor Identity |       |     1 |     1 |       |       ||     2
       Ancestor Life: Kn |       |     1 |       |       |       ||     1
       Recall Ancestor   |       |       |     2 |    12 |    12 ||    26
       Transference      |       |       |       |     1 |     1 ||     2
 Abil: Stop Flying       |       |       |       |     1 |       ||     1
       Evoke Flight      |       |       |       |       |     1 ||     1
Evoke: Disc of storms    |       |       |       |       |     1 ||     1
  Use: Potion            |     1 |       |       |     3 |     6 ||    10
       Scroll            |       |       |     8 |    21 |     5 ||    34
 Stab: Sleeping          |     1 |     2 |       |       |       ||     3
       Distracted        |       |       |     3 |     5 |     2 ||    10
       Petrified         |       |       |       |       |     3 ||     3
       Held in net/web   |       |       |       |       |     1 ||     1
  Eat: Royal jelly       |       |     1 |       |       |       ||     1
       Chunk             |       |     4 |     7 |    27 |    12 ||    50
       Pizza             |       |     1 |       |       |       ||     1
       Meat ration       |       |       |     2 |     1 |       ||     3
       Bread ration      |       |       |       |       |     4 ||     4
Armor: Robe              |     2 |       |       |       |       ||     2
       Ring mail         |     9 |    35 |    58 |   168 |     3 ||   273
       Skin              |     5 |       |       |       |     5 ||    10
       Plate armour      |       |       |       |       |   406 ||   406
Dodge: Dodged            |    39 |    91 |   131 |   295 |   474 ||  1030
Block: Other             |       |       |       |       |    34 ||    34
       Reflection        |       |       |       |       |     2 ||     2
